 Dungeon Crawl Stone Soup version 0.28.0-43-g3370ac3207 (webtiles) character file.

Game seed: 16845257096392213687

231 RascalDebosk the Conjurer (level 5, -1/28 HPs)
             Began as a Deep Elf Conjurer on Mar 14, 2022.
             Slain by a water moccasin (7 damage)
             ... on level 3 of the Dungeon.
             The game lasted 00:42:15 (3827 turns).

RascalDebosk the Conjurer (Deep Elf Conjurer)       Turns: 3827, Time: 00:42:15

Health: -1/28      AC:  4    Str: 10    XL:     5   Next: 72%
Magic:  4/13       EV: 13    Int: 25    God:
Gold:   115        SH:  0    Dex: 13    Spells: 3/13 levels left

rFire   . . .      SeeInvis +   s - +3 quarterstaff (chaos)
rCold   . . .      Faith    .   (shield currently unavailable)
rNeg    . . .      Spirit   .   a - +0 robe
rPois   .          Reflect  .   k - +0 helmet
rElec   .          Harm     .   t - +0 cloak
rCorr   .          Rampage  .   (no gloves)
Will    .....                   (no boots)
Stlth   ++........              q - amulet of the acrobat
HPRegen 0.09/turn               f - ring of see invisible
MPRegen 0.13/turn               p - +6 ring of strength

@: no status effects
A: no striking features
a: no special abilities


You were on level 3 of the Dungeon.
You visited 1 branch of the dungeon, and saw 4 of its levels.

You collected 115 gold pieces.

Inventory:

Hand Weapons
 b - a +0 club
 d - a +0 halberd
 s - a +3 quarterstaff of chaos (weapon)
Missiles
 e - 52 stones
Armour
 a - a +0 robe (worn)
 k - a +0 helmet (worn)
 t - a +0 cloak (worn)
Jewellery
 f - a ring of see invisible (left hand)
 p - a +6 ring of strength (right hand)
 q - an amulet of the acrobat (around neck)
Wands
 l - a wand of polymorph (10)
Scrolls
 c - a scroll of fear {unknown}
 g - 2 scrolls of identify {unknown}
 h - a scroll of acquirement {unknown}
 j - a scroll of magic mapping {unknown}
 m - a scroll of enchant weapon {unknown}
 n - 2 scrolls of enchant armour {unknown}
 u - a scroll of teleportation {unknown}
Potions
 i - a potion of curing {unknown}
 o - 3 potions of brilliance {unknown}
 r - a potion of heal wounds {unknown}


   Skills:
 + Level 3.9 Dodging
 + Level 4.0 Stealth
 + Level 4.5 Spellcasting
 + Level 5.2 Conjurations
 + Level 3.0 Hexes


You had 3 spell levels left.
You knew the following spells:

 Your Spells              Type           Power      Damage    Failure   Level
a - Magic Dart            Conj           100%       1d8       1%          1
b - Searing Ray           Conj           62%        2d6       1%          2
c - Dazzling Flash        Conj/Hex       52%        N/A       4%          3
d - Fulminant Prism       Conj/Hex       13%        3d9       16%         4

Your spell library contained the following spells:

 Spells                   Type           Power      Damage    Failure   Level
 Cause Fear               Hex            10%        N/A       26%         4
 Iskenderun's Mystic Bla  Conj/Tloc      18%        2d6       30%         4
 Dragon Form              Tmut           2%         N/A       100%        7
 Dragon's Call            Summ           2%         N/A       100%        9


Dungeon Overview and Level Annotations

Branches:
Dungeon (4/15)
 Temple: D:4-7

Altars:

Annotations:
D:4 1 transporter


Message History

Natasha barely misses you. The water moccasin closely misses you.
The crimson imp barely misses you.
You climb upwards.
The crimson imp disappears in a puff of smoke!
There is a stone staircase leading down here.
Casting: Magic Dart (safe; 1% risk of failure)
Confirm with . or Enter, or press ? or * to list all spells.
Aiming: Magic Dart (safe; 1% risk of failure)
Press: ? - help, Shift-Dir - straight line, f - Natasha
Aim: Natasha (heavily wounded, 100% to hit)
The magic dart hits Natasha.
Natasha is almost dead.
The water moccasin bites you but does no damage.
Natasha barely misses you. The water moccasin bites you.
Casting: Magic Dart (safe; 1% risk of failure)
Confirm with . or Enter, or press ? or * to list all spells.
Aiming: Magic Dart (safe; 1% risk of failure)
Press: ? - help, Shift-Dir - straight line, f/p - Natasha
Aim: Natasha (almost dead, 100% to hit)
The magic dart hits Natasha but does no damage.
Natasha is almost dead.
Natasha claws you. The water moccasin bites you.
* * * LOW HITPOINT WARNING * * *
Casting: Magic Dart (safe; 1% risk of failure)
Confirm with . or Enter, or press ? or * to list all spells.
Aiming: Magic Dart (safe; 1% risk of failure)
Press: ? - help, Shift-Dir - straight line, f/p - Natasha
Aim: Natasha (almost dead, 100% to hit)
The magic dart hits Natasha.
Natasha is almost dead.
Natasha stares at you and mumbles some strange words.
The magic dart hits you.
* * * LOW HITPOINT WARNING * * *
The water moccasin bites you but does no damage.
You thump Natasha!
You kill Natasha!
Suddenly Natasha's spirit rises from her lifeless body.
The water moccasin bites you but does no damage.
The water moccasin bites you!
You die...

#.# #.##..........#####.####)
#.# #.##..........'..........
#.# #.##..........#####.##.#.
#.###.##..........'...#.##.#.
##.................##.##.##=#.
#........###..#######.##..#.'.
#.............##...##.....###.
#.........#.†.##...##.....# #.
#....)....#..@S'....#.....# #.
####.#....#...##....#.....# #.
#.#.)#.#...##....#.....# #.
#.#....#......##.#.....# #.
#.##.#.#....#.##.#.....# #.
#.#....#....#.##...#...# ##
#.#....)<#..#.###..#...## #
#.#.).......#.###.......# ♣
#.#.#######.#...........# ♣


You could see a water moccasin.

Vanquished Creatures
  An orc priest (D:3)
  Crazy Yiuf (D:3)
  Natasha (D:3)
  Terence (D:2)
  4 adders (D:2)
  4 gnolls (D:3)
  2 worms
  2 dart slugs
  7 orcs (D:3)
  5 ball pythons
  An endoplasm (D:3)
  4 giant cockroaches (D:1)
  5 goblins
  7 hobgoblins
  2 quokkas (D:1)
  7 bats
  3 frilled lizards
  3 kobolds
  7 rats
67 creatures vanquished.

Vanquished Creatures (others)
  4 fulminant prisms (D:3)
4 creatures vanquished.

Grand Total: 71 creatures vanquished

Notes
Turn   | Place    | Note
-------+----------+-------------------------------------------
     0 | D:1      | RascalDebosk the Deep Elf Conjurer began the quest for the
                  | Orb.
     0 | D:1      | Reached XP level 1. HP: 10/10 MP: 6/6
   197 | D:1      | Reached XP level 2. HP: 7/15 MP: 5/8
   353 | D:1      | Learned a level 2 spell: Searing Ray
   402 | D:1      | Reached skill level 1 in Hexes
  1244 | D:1      | Reached XP level 3. HP: 19/19 MP: 7/9
  1248 | D:1      | Learned a level 3 spell: Dazzling Flash
  2182 | D:2      | Noticed Terence
  2193 | D:2      | Killed Terence
  2194 | D:2      | Reached XP level 4. HP: 15/24 MP: 1/11
  2563 | D:2      | Learned a level 4 spell: Fulminant Prism
  2877 | D:3      | Reached skill level 5 in Conjurations
  2877 | D:3      | Reached XP level 5. HP: 28/28 MP: 4/13
  3329 | D:3      | Found a runed translucent door.
  3330 | D:3      | Noticed Crazy Yiuf
  3340 | D:3      | Killed Crazy Yiuf
  3812 | D:4      | Noticed Natasha
  3812 | D:4      | Noticed a water moccasin
  3812 | D:4      | Found a transporter.
  3827 | D:3      | Killed Natasha
  3827 | D:3      | Slain by a water moccasin

Illustrated notes

Levels and vault maps discovered:
D:1:      dpeg_arrival_central, layout_loops_ring
D:2:      layout_rooms, due_unseen_surprise, uniq_terence
D:3:      cheibrodos_old_hovel, layout_basic, uniq_crazy_yiuf_cottage
D:4:      layout_cave_pools, gammafunk_ghost_arena, lemuel_old_faithful,
          uniq_robin, uniq_natasha

Skill      XL: |  1  2  3  4  5 |
---------------+----------------+-----
Hexes          | 1 2 3 |  3.0
Stealth        | 3 4 |  4.0
Dodging        | 3 |  3.9
Spellcasting   | 4 |  4.5
Conjurations   | 5 |  5.2

Action                   |  1- 3 |  4- 6 || total
-------------------------+-------+-------++-------
Melee: Halberd           |    56 |     5 ||    61
       Quarterstaff      |       |     1 ||     1
 Cast: Magic Dart        |    50 |    29 ||    79
       Searing Ray       |     2 |    16 ||    18
       Dazzling Flash    |     1 |       ||     1
       Fulminant Prism   |       |     4 ||     4
 Stab: Sleeping          |     4 |     1 ||     5
Armor: Robe              |    15 |     4 ||    19
Dodge: Dodged            |    50 |    22 ||    72
